 Dungeon Sprint DCSS version 0.18.1-8-gdd0e5ea (webtiles) character file.

5952 pipel the Protected (level 10, -17/72 HPs)
             Began as a Gargoyle Skald on May 21, 2016.
             Was a High Priest of Okawaru.
             Demolished by an ettin
             ... wielding a +0 dire flail
              (33 damage)
             ... in the Dungeon (Sprint IX: "|||||||||||||||||||||||||||||").
             The game lasted 00:09:18 (1187 turns).

pipel the Protected (Gargoyle Skald)                Turns: 1187, Time: 00:09:20

Health: -17/72     AC: 32    Str: 21    XL:     10   Next: 84%
Magic:  16/16      EV: 11    Int: 14    God:    Okawaru [*****.]
Gold:   15         SH:  0    Dex: 12    Spells: 3 memorised, 11 levels left

rFire  . . .     SeeInvis .     a - +2 dire flail (protect)
rCold  . . .     Gourm    .     s - +1 chain mail
rNeg   + . .     Faith    .     (shield currently unavailable)
rPois  ∞         Spirit   .     q - +0 helmet
rElec  +         Dismiss  .     r - +0 cloak
rCorr  .         Reflect  .     H - +0 pair of gloves
SustAt .         Harm     .     G - +0 pair of boots
MR     .....     NoTele   +     (no amulet)
Stlth  ..........               u - +3 ring of strength
                                t - +3 ring of dexterity

@: not resistant to hostile enchantments, extremely unstealthy
A: negative energy resistance 1, electricity resistance, unbreathing,
petrification resistance, rot immunity, AC +7
a: Heroism, Finesse, Renounce Religion


You were in the Dungeon.
You worshipped Okawaru.
Okawaru was extremely pleased with you.
You were not hungry.

You visited 1 branch You collected 15 gold pieces.

Inventory:

Hand Weapons
 a - a +2 dire flail of protection (weapon)
 o - a +0 mace
 B - a +2 longbow of freezing
 I - a +0 hunting sling
Missiles
 J - 19 sling bullets
Armour
 p - a +0 leather armour
 q - a +0 helmet (worn)
 r - a +0 cloak (worn)
 s - a +1 chain mail (worn)
 G - a +0 pair of boots (worn)
 H - a +0 pair of gloves (worn)
Magical Staves
 b - an uncursed staff of energy
Jewellery
 t - a +3 ring of dexterity (left hand)
 u - a +3 ring of strength (right hand)
Wands
 n - a wand of acid (7/15)
 C - a wand of polymorph (17/24)
 D - a wand of paralysis (10/24)
Scrolls
 j - 3 scrolls of blinking
 l - 4 scrolls of remove curse
 m - 2 scrolls of amnesia
 y - a scroll of fear
 z - a scroll of recharging
 A - 2 scrolls of enchant weapon
Potions
 e - 5 potions of curing
 f - 4 potions of heal wounds
 g - a potion of haste
 h - 5 potions of magic
 k - a potion of resistance
 v - a potion of might
 w - 2 potions of cure mutation
Books
 c - a book of Battle

   Spells                             Type                      Level
   a - Infusion                       Charms                       1
   b - Shroud of Golubria             Charms/Translocation         2
   c - Song of Slaying                Charms                       2
   d - Spectral Weapon                Hexes/Charms                 3
   e - Regeneration                   Charms/Necromancy            3
 x - the Tome of Unholy Arcane Weapons
   (You found it in the Dungeon)

   Spells                             Type                      Level
   a - Corpse Rot                     Necromancy                   2
   b - Regeneration                   Charms/Necromancy            3
   c - Bolt of Magma                  Conjuration/Fire/Earth       5
   d - Agony                          Necromancy                   5
Comestibles
 d - 13 bread rations
 i - 5 chunks of flesh
 E - 40 fruits
 F - 12 meat rations


   Skills:
 + Level 12.9 Fighting
 + Level 13.3 Maces & Flails
 + Level 13.3 Armour
 - Level 6.4 Dodging
 + Level 4.2 Spellcasting
 - Level 4.2 Charms
 - Level 6.8 Necromancy
 * Level 4.8 Invocations


You had 11 spell levels left.
You knew the following spells:

 Your Spells              Type           Power        Failure   Level  Hunger
a - Infusion              Chrm           ##..         21%         1    None
c - Corpse Rot            Necr           N/A          12%         2    ##.....
r - Regeneration          Chrm/Necr      ###.......   34%         3    ###....


Dungeon Overview and Level Annotations

Branches:
Dungeon (1/1)

Altars:
Cheibriados
Dithmenos
Elyvilon
Fedhas
Gozag
Kikubaaqudgha
Makhleb
Nemelex Xobeh
Okawaru
Pakellas
Qazlal
Ru
Sif Muna
Trog
Vehumet
Xom
Yredelemnul
Zin
The Shining One
Beogh
Jiyva
Lugonu


Innate Abilities, Weirdness & Mutations

You are resistant to torment.
Your stone body is resilient (AC +7).
You are immune to poison.
You resist negative energy.
You are resistant to electric shocks.
You can survive without breathing.
You are immune to petrification.
You are immune to rotting.


Message History

You take 14 damage, and have 41/72 hp.
You barely miss the ettin. You hit the ettin but do no damage.
The ettin hits you with a dire flail. The ettin hits you with a great mace!!
* * * LOW HITPOINT WARNING * * *
You take 29 damage, and have 12/72 hp.
MASSIVE DAMAGE!!
Drink which item? (? for menu, Esc to quit)
You feel much better. The ettin hits you with a dire flail!!
The ettin hits you but does no damage.
You regained 11 hp, and now have 23/72 hp.
You bludgeon the ettin!!
The ettin is moderately wounded.
An orc comes into view. It is wielding a hand axe.
The orc shouts!
You hit the ettin.
The ettin is moderately wounded.
The ettin hits you with a dire flail!
* * * LOW HITPOINT WARNING * * *
The ettin hits you with a great mace!!
You die...

▓▓▓▓▓▓▓▓▓▓▓▓▓▓▓▓▓▓▓▓▓
▓............@Coooooo
▓.▓▓▓▓▓▓▓▓▓▓▓▓▓▓▓▓▓▓▓▓▓▓▓▓▓▓▓▓
▓.............................
▓▓▓▓▓▓▓▓▓▓▓▓▓▓▓▓▓▓▓▓▓▓▓▓▓▓▓▓▓▓
▓.......'.....[.......'....†..
▓.▓▓▓▓▓▓▓▓▓▓▓▓▓▓▓▓▓▓▓▓▓▓▓▓▓▓▓▓
▓.............................
▓▓▓▓▓▓▓▓▓▓▓▓▓▓▓▓▓▓▓▓▓▓▓▓▓▓▓▓▓▓
▓<...÷)....†)....'____________


You could see an ettin, an orc warrior, 3 orc wizards and 2 orcs.

Vanquished Creatures
  A death yak (D)
  2 lindwurms (D)
  3 elephants (D)
  A black mamba (D)
  Joseph (D)
  A spiny frog (D)
  3 giant leeches (D)
  A blink frog (D)
  A basilisk (D)
  A wraith (D)
  A yak (D)
  A hippogriff (D)
  3 water moccasins (D)
  3 porcupines (D)
  An ice beast (D)
  A crocodile (D)
  A big kobold (D)
  3 giant frogs (D)
  2 crimson imps (D)
  An orc wizard (D)
  2 worker ants (D)
  A river rat (D)
  An adder skeleton (D)
  3 worms (D)
  A dart slug (D)
  A giant gecko (D)
  2 bat zombies (D)
  A giant cockroach (D)
  A goblin (D)
  A hobgoblin (D)
  A kobold (D)
  A ball python skeleton (D)
  A giant gecko zombie (D)
49 creatures vanquished.

Notes
Turn   | Place    | Note
--------------------------------------------------------------
     0 | D        | pipel the Gargoyle Skald began the quest for the Orb.
     0 | D        | Reached XP level 1. HP: 12/12 MP: 3/3
    20 | D        | Reached skill level 1 in Dodging
    23 | D        | Reached XP level 2. HP: 9/18 MP: 3/5
   169 | D        | Reached XP level 3. HP: 8/23 MP: 0/7
   175 | D        | Reached XP level 4. HP: 10/30 MP: 0/8
   185 | D        | Found a glowing silver altar of Zin.
   185 | D        | Found a glowing golden altar of the Shining One.
   185 | D        | Found an ancient bone altar of Kikubaaqudgha.
   185 | D        | Found a basalt altar of Yredelemnul.
   185 | D        | Found a shimmering altar of Xom.
   185 | D        | Found a radiant altar of Vehumet.
   186 | D        | Found an iron altar of Okawaru.
   187 | D        | Found a burning altar of Makhleb.
   188 | D        | Found a deep blue altar of Sif Muna.
   189 | D        | Found a bloodstained altar of Trog.
   190 | D        | Found a sparkling altar of Nemelex Xobeh.
   191 | D        | Found a white marble altar of Elyvilon.
   192 | D        | Found a roughly hewn altar of Beogh.
   193 | D        | Found a viscous altar of Jiyva.
   194 | D        | Became a worshipper of Warmaster Okawaru
   195 | D        | Found a corrupted altar of Lugonu.
   196 | D        | Found a blossoming altar of Fedhas.
   197 | D        | Found a snail-covered altar of Cheibriados.
   198 | D        | Found a shadowy altar of Dithmenos.
   199 | D        | Found a stormy altar of Qazlal.
   200 | D        | Found an opulent altar of Gozag.
   201 | D        | Found a sacrificial altar of Ru.
   202 | D        | Found an oddly glowing altar of Pakellas.
   227 | D        | Learned a level 3 spell: Regeneration
   264 | D        | Noticed a wraith
   264 | D        | Noticed a hippogriff
   288 | D        | Killed a wraith
   288 | D        | Reached * piety under Okawaru
   288 | D        | Reached skill level 5 in Armour
   288 | D        | Reached XP level 5. HP: 26/37 MP: 9/9
   288 | D        | Reached XP level 6. HP: 30/42 MP: 10/10
   298 | D        | Killed a hippogriff
   298 | D        | Reached skill level 5 in Dodging
   315 | D        | Reached ** piety under Okawaru
   427 | D        | Noticed an ice beast
   427 | D        | Noticed a yak
   434 | D        | Killed an ice beast
   434 | D        | Reached XP level 7. HP: 31/50 MP: 8/11
   445 | D        | Reached skill level 1 in Invocations
   456 | D        | Killed a yak
   559 | D        | Identified the Tome of Unholy Arcane Weapons (You found it in the Dungeon)
   575 | D        | Learned a level 2 spell: Corpse Rot
   576 | D        | Noticed a spiny frog
   582 | D        | Killed a spiny frog
   582 | D        | Reached *** piety under Okawaru
   582 | D        | Reached XP level 8. HP: 54/56 MP: 9/12
   586 | D        | Reached skill level 5 in Necromancy
   605 | D        | Reached skill level 10 in Armour
   618 | D        | Reached XP level 9. HP: 55/60 MP: 5/13
   652 | D        | Noticed a death yak
   652 | D        | Noticed an elephant
   652 | D        | Noticed an elephant
   661 | D        | Noticed a black mamba
   667 | D        | Noticed an elephant
   667 | D        | HP: 2/60 [death yak (17)]
   673 | D        | Reached **** piety under Okawaru
   788 | D        | Killed a death yak
   788 | D        | Reached skill level 10 in Fighting
   788 | D        | Reached skill level 10 in Maces & Flails
   816 | D        | Killed an elephant
   865 | D        | Killed an elephant
   865 | D        | Reached XP level 10. HP: 56/70 MP: 3/14
   919 | D        | Killed a black mamba
   919 | D        | Reached ***** piety under Okawaru
   938 | D        | Killed an elephant
   959 | D        | Noticed a lindwurm
   959 | D        | Noticed a lindwurm
   963 | D        | Killed a lindwurm
   985 | D        | Killed a lindwurm
  1015 | D        | Received a gift from Okawaru
  1071 | D        | Noticed Joseph
  1092 | D        | Killed Joseph
  1179 | D        | Noticed an ettin
  1187 | D        | Demolished by an ettin

Skill      XL: |  1  2  3  4  5  6  7  8  9 10 |
---------------+-------------------------------+-----
Charms         | 3 4 |  4.2
Dodging        | 1 2 4 5 6 |  6.4
Fighting       | 3 4 6 8 9 11 12 | 12.9
Maces & Flails | 3 4 6 7 9 11 13 | 13.3
Spellcasting   | 3 4 |  4.2
Armour         | 3 5 7 8 10 12 13 | 13.3
Invocations    | 1 4 |  4.8
Necromancy     | 4 6 |  6.8

Action                   |  1- 3 |  4- 6 |  7- 9 | 10-12 || total
-------------------------+-------+-------+-------+-------++-------
Melee: Mace              |    33 |     2 |       |       ||    35
       Dire flail        |       |    49 |   119 |    72 ||   240
 Cast: Infusion          |     1 |       |       |       ||     1
       Regeneration      |       |     1 |     6 |     2 ||     9
       Corpse Rot        |       |       |     3 |     3 ||     6
Invok: Heroism           |       |     2 |     3 |     1 ||     6
Evoke: Staff of energy   |       |       |     3 |       ||     3
  Use: Potion            |     1 |     1 |     2 |     1 ||     5
 Stab: Invisible         |       |       |     6 |       ||     6
  Eat: Chunk             |       |       |     2 |     3 ||     5
Armor: Leather armour    |    12 |       |       |       ||    12
       Chain mail        |       |    61 |    54 |    29 ||   144
Dodge: Dodged            |    13 |    33 |    37 |    18 ||   101
